 Dungeon Crawl Stone Soup version 0.31.0-11-ge490571c62 (webtiles) character file.

Game seed: 2925662386382955032

26 qw the Shooter (level 2, 0/14 HPs)
             Began as a Spriggan Hunter on Feb 4, 2024.
             Slain by an adder (2 damage)
             ... on level 1 of the Dungeon.
             The game lasted 00:00:27 (741 turns).

qw the Shooter (Spriggan Hunter)                     Turns: 741, Time: 00:00:28

Health: 0/14       AC:  2    Str:  7    XL:     2   Next: 89%
Magic:  3/3        EV: 19    Int: 10    God:
Gold:   32         SH:  0    Dex: 18    Spells: 1/1 levels left

rFire   . . .        a - +0 shortbow
rCold   . . .        (shield currently unavailable)
rNeg    . . .        c - +0 robe
rPois   .            (helmet restricted)
rElec   .            (no cloak)
rCorr   .            (gloves unavailable)
SInv    +            (boots unavailable)
Will    .....        (no amulet)
Stlth   ++           (no ring)
HPRegen 0.22/turn    (no ring)
MPRegen 0.08/turn

%: no passive effects
@: lethally poisoned (0 -> -2), very quick
A: very small, no large weapons, unfitting armour, see invisible, speed 3
a: no special abilities


You were on level 1 of the Dungeon.
You visited 1 branch of the dungeon, and saw 2 of its levels.

You collected 32 gold pieces.


Innate Abilities, Weirdness & Mutations

You are very small and have problems with some larger weapons.
You are too small for most types of armour.
You have supernaturally acute eyesight. (SInv)
You cover ground extremely quickly. (Speed+++)


   Skills:
 - Level 1.5 Fighting
 + Level 4.3 Ranged Weapons
 - Level 4.0 Dodging
 - Level 1.5 Stealth


You had one spell level left.
You didn't know any spells.
Your spell library was empty.

Inventory:

Hand Weapons
 a - a +0 shortbow (weapon)
Armour
 c - a +0 robe (worn)

Dungeon Overview and Level Annotations

Branches:
Dungeon (2/15)

Altars:


Message History

The goblin is moderately wounded.
The goblin misses you.
You shoot an arrow. The arrow hits the goblin.
You kill the goblin!
The adder bites you.
You shoot an arrow. The arrow barely misses the adder.
The arrow hits the orc but does no damage.
The adder barely misses you.
You shoot an arrow. The arrow misses the adder.
The arrow closely misses the orc.
The adder completely misses you. The adder closely misses you.
You shoot an arrow. The arrow closely misses the adder.
The arrow hits the orc!
You kill the orc!
The adder completely misses you.
You shoot an arrow. The arrow misses the adder.
The adder completely misses you. The adder bites you.
You shoot an arrow. The arrow misses the adder.
The arrow hits the orc priest.
The orc priest is lightly wounded.
The adder misses you.
You shoot an arrow.
The arrow hits the adder but does no damage.
The adder misses you.
The orc priest miscasts a cantrip.
The adder misses you.
You shoot an arrow. The arrow hits the adder.
The adder is lightly wounded.
The adder closely misses you. The adder misses you.
You shoot an arrow. The arrow hits the adder.
The adder is moderately wounded.
The adder bites you.
You are lethally poisoned!
The adder poisons you!
You shoot an arrow. The arrow hits the adder.
The adder is severely wounded.
You feel sick. The adder closely misses you. The adder completely misses you.
You shoot an arrow. The arrow barely misses the adder.
The arrow hits the orc priest.
The orc priest is heavily wounded.
You feel sick. The adder bites you.
You die...

.....#####.....#.#
.###.#...#.##).#.#
.....#...#.##..#.## #######
####.......##.....# #.....# ##
#######.##.>[..####.....#
.#####..........%..........#
.......###.##...o#.###.....#
.#.#.#.###.###.#S#.........######
........##.# #.#@#######.........
##......##.# #.#.#######.#######.
##......[..###...................
###.........:....#######.#######.
# ##.#.########..........# ## #
###.###### #.########## #
#......# #.# # ######.# #.# # #.#
#.# #


You could see an orc priest and an adder.

Vanquished Creatures
  A dart slug (D:1)
  2 orcs (D:1)
  3 ball pythons (D:1)
  A bat (D:1)
  An endoplasm (D:1)
  A giant cockroach (D:1)
  2 goblins (D:1)
  3 hobgoblins (D:1)
  A quokka (D:1)
  A frilled lizard (D:1)
  2 kobolds (D:1)
  2 rats (D:1)
20 creatures vanquished.

Notes
Turn   | Place    | Note
-------+----------+-------------------------------------------
     0 | D:1      | qw the Spriggan Hunter began the quest for the Orb.
     0 | D:1      | Reached XP level 1. HP: 10/10 MP: 2/2
     0 | D:1      | 0 ||| qw: Version: 0.3-a-160-g6735b56
     0 | D:1      | 0 ||| qw: Game counter: 5890
     0 | D:1      | 0 ||| qw: Melee chars always use a shield: true
     0 | D:1      | 0 ||| qw: God list: Okawaru
     0 | D:1      | 0 ||| qw: Allow faded altars: false
     0 | D:1      | 0 ||| qw: Do Orc after clearing Dungeon:15 true
     0 | D:1      | 0 ||| qw: Do second Lair branch before Depths: true
     0 | D:1      | 0 ||| qw: Lair rune preference: random
     0 | D:1      | 0 ||| qw: Goals: Normal
     0 | D:1      | 0 ||| PLANNING D:1-11
   104 | D:1      | Reached skill level 3 in Dodging
   157 | D:1      | Reached XP level 2. HP: 14/14 MP: 3/3
   628 | D:1      | 628 ||| READING scroll labelled NUWIPL LOWEU.
   628 | D:1      | 628 ||| IDENTIFYING 2 fuming orange potions
   629 | D:1      | 629 ||| READING scroll labelled MIKITIUXTI.
   630 | D:1      | 630 ||| READING scroll labelled KEAKAQAFOE.
   631 | D:1      | 631 ||| READING scroll labelled HUTHUR FUUTEGA.
   632 | D:1      | 632 ||| DROPPING scroll of butterflies.
   633 | D:1      | 633 ||| DROPPING 2 potions of lignification.
   711 | D:2      | 711 ||| STAIRDANCE
   723 | D:2      | 723 ||| STAIRDANCE
   725 | D:1      | 725 ||| RETREEEEATING.
   726 | D:1      | 726 ||| RETREEEEATING.
   727 | D:1      | 727 ||| RETREEEEATING.
   728 | D:1      | 728 ||| RETREEEEATING.
   740 | D:1      | HP: 2/14 [poisoned by an adder]
   741 | D:1      | Slain by an adder

Levels and vault maps discovered:
D:1:      saegor_arrival_simple_d, layout_loops_ring
D:2:      layout_rooms, basic_ecumenical_altar, basic_altar

Skill      XL: |  1  2 |
---------------+-------+-----
Dodging        | 3 4 |  4.0
Fighting       | |  1.5
Ranged Weapons | |  4.3
Stealth        | |  1.5

Action                     || total
---------------------------++-------
   Fire: Shortbow          ||    58
    Use: Scroll            ||     4
 Armour: Robe              ||    12
  Dodge: Dodged            ||    40

Table legend:
 A = Non-vault XP
 B = Vault XP
 C = Vault XP percentage of total XP
 D = Non-vault monster count
 E = Vault monster count
 F = Vault count percentage of total count
                 A         B        C        D         E       F
            +---------+---------+-------+---------+---------+-------
      Total |      38 |       0 |   0.0 |      20 |       0 |   0.0
            +---------+---------+-------+---------+---------+-------
        D:1 |      38 |       0 |   0.0 |      20 |       0 |   0.0
            +---------+---------+-------+---------+---------+-------
